 Dungeon Crawl Stone Soup version 0.19.4-8-ga85b6b9 (webtiles) character file.

10797 savsav123 the Fighter (level 11, -5/73 HPs)
             Began as a Gargoyle Fighter on Feb 6, 2017.
             Was a High Priest of Okawaru.
             Slain by a white ugly thing (21 damage)
             ... on level 11 of the Dungeon on Feb 8, 2017.
             The game lasted 02:21:58 (12522 turns).

savsav123 the Fighter (Gargoyle Fighter)           Turns: 12522, Time: 02:21:59

Health: -5/73      AC: 25    Str: 25    XL:     11   Next: 67%
Magic:  23/23      EV:  9    Int: 10    God:    Okawaru [*****.]
Gold:   636        SH: 11    Dex: 10    Spells: 0 memorised, 10 levels left

rFire  . . .     SeeInvis .     p - +1 flail (venom)
rCold  . . .     Gourm    .     q - +2 chain mail {rPois}
rNeg   + . .     Faith    .     c - +0 shield
rPois  ∞         Spirit   .     s - +0 hat {MR+}
rElec  +         Reflect  .     x - +2 cloak
rCorr  .         Harm     .     o - +0 pair of gloves
MR     +....                    (no boots)
Stlth  ..........               k - amulet of regeneration
                                g - +4 ring of strength
                                w - ring of magical power

@: no status effects
A: negative energy resistance 1, electricity resistance, unbreathing,
petrification resistance, rot immunity, AC +7
a: Heroism, Finesse, Renounce Religion


You were on level 11 of the Dungeon.
You worshipped Okawaru.
Okawaru was extremely pleased with you.
You were not hungry.

You visited 2 branches of the dungeon, and saw 12 of its levels.

You collected 636 gold pieces.

Inventory:

Hand Weapons
 j - a +0 dire flail
 p - a +1 flail of venom (weapon)
 H - a +3 flail
 J - a +0 morningstar
Armour
 c - a +0 shield (worn)
 o - a +0 pair of gloves (worn)
 q - a +2 chain mail of poison resistance (worn)
 s - a +0 hat of magic resistance (worn)
 x - a +2 cloak (worn)
 M - +0 mottled dragon scales
Jewellery
 e - a +4 amulet of reflection
 g - a +4 ring of strength (right hand)
 k - an amulet of regeneration (around neck)
 w - a ring of magical power (left hand)
Wands
 b - a wand of slowing (18/48)
 h - a wand of polymorph (7/24)
 i - a wand of digging (6/24)
 l - a wand of digging (13/24)
 t - a wand of random effects (11/48)
 v - a wand of slowing (36/48)
 C - a wand of lightning (7/15)
 G - a wand of hasting (4/9)
Scrolls
 d - 3 scrolls of teleportation
 m - a scroll of holy word
 n - 2 scrolls of fog
 y - 2 scrolls of remove curse
 B - 2 scrolls of magic mapping
 D - a scroll of recharging
 L - a scroll of enchant weapon {unknown}
Potions
 r - a potion of brilliance
 u - 2 potions of flight
 F - 2 potions of might
 K - a potion of lignification {unknown}
Books
 I - a book of Clouds

   Spells                             Type                      Level
   a - Mephitic Cloud                 Conjuration/Poison/Air       3
   b - Conjure Flame                  Conjuration/Fire             3
   c - Poisonous Cloud                Conjuration/Poison/Air       6
   d - Freezing Cloud                 Conjuration/Ice/Air          6
   e - Ring of Flames                 Charms/Fire                  7
Comestibles
 a - a slice of pizza
 f - 13 bread rations
 z - 9 beef jerkies
 A - 2 meat rations
 E - 8 chunks of flesh


   Skills:
 + Level 10.7 Fighting
 + Level 9.6 Maces & Flails
 + Level 8.1 Armour
 + Level 5.9 Dodging
 + Level 8.0 Shields
 * Level 4.0 Invocations


You had 10 spell levels left.
You didn't know any spells.

Dungeon Overview and Level Annotations

Branches:
Dungeon (11/15)            Temple (1/1) D:6            Lair (0/6) D:11
    Orc (0/2) D:11

Altars:
Ashenzari
Cheibriados
Dithmenos
Elyvilon
Fedhas
Hepliaklqana
Kikubaaqudgha
Makhleb
Nemelex Xobeh
Okawaru
Qazlal
Ru
Sif Muna
Trog
Uskayaw
Vehumet
Xom
Yredelemnul
The Shining One

Annotations:
D:3 Natasha


Innate Abilities, Weirdness & Mutations

You are resistant to torment.
Your stone body is resilient. (AC +7)
You are immune to poison.
You resist negative energy. (rN+)
You are resistant to electric shocks. (rElec)
You can survive without breathing.
You are immune to petrification.
You are immune to rotting.


Message History

You block the white ugly thing's attack.
You hit the white ugly thing.
The white ugly thing looks as sick as possible!
The white ugly thing is moderately wounded.
The white ugly thing trunk-slaps you. The white ugly thing freezes you!!
You see here 4 stones.
Items here: ( )))) a dagger; a short sword; 2 poisoned needles; a whip; a dagger You see here a blowgun.
The white ugly thing closely misses you.
You see here a stone.
There is a stone staircase leading up here.
The white ugly thing trunk-slaps you but does no damage.
You block the white ugly thing's attack.
The white ugly thing trunk-slaps you but does no damage.
The white ugly thing trunk-slaps you! The white ugly thing freezes you!!
The white ugly thing trunk-slaps you!
* * * LOW HITPOINT WARNING * * *
The white ugly thing freezes you!!
You die...

.....).................[####†###.
>..................#..### #.....
...................#..########.##
).....................#.....##.#
###########################.##.#
#.# #.# #.# #.# #.##.#
#####.#####.# #.###.# #.##.##
#......>....###u....# #......
#.##########..@.##### ####.## #.#
##.### #... #.# #.#
###########.## #.# #.#
#...<..())..(. ###.###
#.####.########..## ......#
#.#........####(#)# ###.#.#
#.#.##......##)###.
#.#.#########...#....♣...)## #
###.............#...♣...P....##


You could see a white ugly thing.

Vanquished Creatures
  3 skeletal warriors
  An unseen horror (D:9)
  An ugly thing (D:11)
  A gargoyle (D:10)
  A hippogriff (D:8)
  2 shadows
  Sigmund (D:6)
  A hungry ghost (D:6)
  4 yaks (D:9)
  3 basilisks
  A mottled dragon (D:11)
  3 water moccasins
  Duvessa (D:6)
  5 orc warriors
  2 porcupines (D:11)
  A sky beast (D:9)
  An ice beast (D:5)
  A swamp drake (D:11)
  2 black bears
  4 ogres
  2 centaurs
  A big kobold (D:11)
  3 crocodiles (D:11)
  A gnoll sergeant (D:6)
  6 bullfrogs
  Dowan (D:6)
  A water moccasin zombie (D:7)
  A wyvern skeleton (D:10)
  2 scorpions (D:8)
  9 killer bees
  4 wights
  3 howler monkeys (D:6)
  7 crimson imps
  A quasit (D:6)
  A gnoll shaman (D:6)
  A jelly (D:8)
  2 centaur skeletons
  6 orc priests
  5 hounds
  14 iguanas
  Ijyb (D:2)
  Natasha (twice) (D:3)
  11 orc wizards
  10 worker ants
  A killer bee zombie (D:8)
  2 hound skeletons
  3 hound zombies
  5 adders
  12 gnolls
  2 river rats (D:11)
  2 shadow imps
  An ooze (D:1)
  2 adder zombies
  A worm (D:2)
  4 dart slugs
  3 leopard geckos
  52 orcs
  A ball python (D:7)
  4 bats
  2 giant cockroaches
  17 goblins
  4 hobgoblins
  12 jackals
  17 kobolds
  7 quokkas
  5 frilled lizards
  A quokka skeleton (D:6)
  7 rats
301 creatures vanquished.

Vanquished Creatures (others)
  A bush (D:11)
  A fungus (D:11)
2 creatures vanquished.

Grand Total: 303 creatures vanquished

Notes
Turn   | Place    | Note
-------+----------+-------------------------------------------
     0 | D:1      | savsav123 the Gargoyle Fighter began the quest for the Orb.
     0 | D:1      | Reached XP level 1. HP: 14/14 MP: 1/1
   125 | D:1      | Reached XP level 2. HP: 16/19 MP: 2/2
   516 | D:1      | Reached XP level 3. HP: 23/23 MP: 3/3
   860 | D:2      | Found a snail-covered altar of Cheibriados.
  1105 | D:2      | Found a stormy altar of Qazlal.
  1188 | D:2      | Noticed Ijyb
  1270 | D:2      | Killed Ijyb
  1270 | D:2      | Reached XP level 4. HP: 29/29 MP: 4/4
  1471 | D:2      | Found a hazy altar of Hepliaklqana.
  1887 | D:3      | Reached skill level 4 in Fighting
  2048 | D:3      | Found a faded altar of an unknown god.
  2314 | D:3      | Reached XP level 5. HP: 33/33 MP: 5/5
  2410 | D:3      | Noticed Natasha
  2418 | D:3      | Killed Natasha
  3107 | D:5      | Entered Level 5 of the Dungeon
  3133 | D:4      | Reached XP level 6. HP: 38/39 MP: 6/6
  3384 | D:5      | Noticed a water moccasin
  3418 | D:5      | Killed a water moccasin
  3579 | D:6      | Noticed an ice beast
  3605 | D:5      | Killed an ice beast
  3605 | D:5      | Reached skill level 5 in Fighting
  3605 | D:5      | Reached skill level 5 in Armour
  3605 | D:5      | Reached skill level 5 in Shields
  3605 | D:5      | Reached XP level 7. HP: 24/44 MP: 7/7
  3684 | D:6      | Found a staircase to the Ecumenical Temple.
  3692 | Temple   | Entered the Ecumenical Temple
  3839 | Temple   | Became a worshipper of Warmaster Okawaru
  3906 | D:6      | Noticed Sigmund
  3956 | D:6      | Found a bloodstained altar of Trog.
  4738 | D:3      | Noticed Natasha
  4743 | D:3      | Killed Natasha
  4756 | D:3      | Noticed Natasha
  4903 | D:6      | Found a shadowy altar of Dithmenos.
  5038 | D:6      | Found a sparkling altar of Nemelex Xobeh.
  5121 | D:6      | Reached XP level 8. HP: 50/51 MP: 8/8
  5199 | D:6      | Reached skill level 5 in Maces & Flails
  5248 | D:6      | Killed Sigmund
  5248 | D:6      | Reached * piety under Okawaru
  5315 | D:7      | Reached skill level 6 in Fighting
  5720 | D:7      | Noticed Dowan
  5722 | D:7      | Noticed Duvessa
  5818 | D:6      | Reached ** piety under Okawaru
  5829 | D:6      | Reached XP level 9. HP: 44/56 MP: 9/9
  5907 | D:6      | Killed Duvessa
  5907 | D:6      | Reached skill level 7 in Fighting
  5919 | D:6      | Killed Dowan
  6605 | D:8      | Reached skill level 1 in Dodging
  6786 | D:8      | Reached *** piety under Okawaru
  7819 | D:9      | Reached skill level 8 in Fighting
  7853 | D:9      | Reached XP level 10. HP: 59/64 MP: 10/10
  7886 | D:10     | Entered Level 10 of the Dungeon
  7886 | D:10     | Noticed a hill giant
  7934 | D:9      | Reached skill level 1 in Invocations
  8158 | D:9      | Found a sacrificial altar of Ru.
  8158 | D:9      | Found a blossoming altar of Fedhas.
  9199 | D:9      | Killed an unseen horror
  9199 | D:9      | Reached **** piety under Okawaru
  9455 | D:9      | Reached skill level 9 in Fighting
 10083 | D:10     | Noticed a gargoyle
 10119 | D:10     | Killed a gargoyle
 10913 | D:11     | Noticed a skeletal warrior
 10913 | D:11     | Noticed a skeletal warrior
 10913 | D:11     | Noticed a skeletal warrior
 10940 | D:10     | Killed a skeletal warrior
 10940 | D:10     | Reached XP level 11. HP: 45/72 MP: 14/14
 11173 | D:10     | Killed a skeletal warrior
 11173 | D:10     | Reached ***** piety under Okawaru
 11310 | D:11     | Killed a skeletal warrior
 11310 | D:11     | Reached skill level 10 in Fighting
 11310 | D:11     | Reached skill level 5 in Dodging
 11491 | D:11     | HP: 3/73 [something (6)]
 11745 | D:11     | Noticed a brown ugly thing
 11778 | D:11     | Killed a brown ugly thing
 11887 | D:11     | Found a staircase to the Lair.
 12376 | D:11     | Found a staircase to the Orcish Mines.
 12487 | D:11     | Noticed a white ugly thing
 12522 | D:11     | Slain by a white ugly thing

Skill      XL: |  1  2  3  4  5  6  7  8  9 10 11 |
---------------+----------------------------------+-----
Armour         | 4 5 6 8 |  8.1
Shields        | 4 5 6 8 |  8.0
Fighting       | 4 5 6 8 9 10 | 10.7
Maces & Flails | 3 4 6 7 8 9 |  9.6
Dodging        | 2 4 5 |  5.9
Invocations    | 4 |  4.0

Action                   |  1- 3 |  4- 6 |  7- 9 | 10-12 || total
-------------------------+-------+-------+-------+-------++-------
Melee: Flail             |   142 |   184 |   650 |   508 ||  1484
       Morningstar       |       |       |       |   310 ||   310
Invok: Heroism           |       |       |     1 |    13 ||    14
Evoke: Wand              |       |       |       |     5 ||     5
  Use: Scroll            |     1 |     9 |     6 |     6 ||    22
       Potion            |       |     4 |       |     5 ||     9
 Stab: Confused          |       |       |       |     3 ||     3
       Paralysed         |       |       |       |     1 ||     1
  Eat: Chunk             |     1 |     7 |    10 |     9 ||    27
       Beef jerky        |       |     1 |       |     1 ||     2
       Fruit             |       |       |     1 |       ||     1
       Bread ration      |       |       |     2 |       ||     2
       Royal jelly       |       |       |     1 |       ||     1
       Pizza             |       |       |     1 |       ||     1
       Meat ration       |       |       |       |     1 ||     1
Armor: Scale mail        |    60 |    99 |   416 |       ||   575
       Chain mail        |       |       |    92 |    40 ||   132
       Plate armour      |       |       |       |   351 ||   351
Dodge: Dodged            |    30 |    53 |   369 |   152 ||   604
Block: Shield            |    93 |   114 |   579 |   376 ||  1162
       Reflection        |     1 |     1 |       |       ||     2
